 Dungeon Crawl Stone Soup version 0.31-a0-986-g5e6e4ef867 (webtiles) character file.

Game seed: 6187290034889787816

3853 IdlyInterested the Basher (level 9, 0/69 HPs)
             Began as a Demonspawn Gladiator on Nov 8, 2023.
             Slain by an orc
             ... wielding a +0 halberd
              (9 damage)
             ... in a bailey.
             The game lasted 00:22:52 (7117 turns).

IdlyInterested the Basher (Demonspawn Gladiator)    Turns: 7117, Time: 00:22:53

Health: 0/69       AC: 14    Str: 20    XL:     9   Next: 99%
Magic:  8/9        EV: 11    Int:  9    God:
Gold:   385        SH: 14    Dex: 26    Spells: 8/8 levels left

rFire   . . .        n - +1 whip (venom)
rCold   . . .        p - +0 kite shield
rNeg    . . .        q - +1 ring mail of Gluttony {rPois rF- rCorr Dex+6}
rPois   +            c - +0 helmet
rElec   .            (no cloak)
rCorr   +            (no gloves)
SInv    .            (no boots)
Will    .....        B - amulet of magic regeneration
Stlth   +            j - ring of flight
HPRegen 0.31/turn    s - +6 ring of dexterity
MPRegen 0.62/turn

%: no passive effects
@: sanguine armoured, flying
A: foul stench 1, magic regeneration, sanguine armour 1, large bone plates 1,
fire resistance 1, MP-powered wands
a: no special abilities


You were in a bailey.
You visited 2 branches of the dungeon, and saw 9 of its levels.
You also visited: Sewer and Bailey.

You collected 385 gold pieces.

Inventory:

Hand Weapons
 n - a +1 whip of venom (weapon)
 E - a +0 morningstar
 M - a +1 whip of freezing
 Q - a +0 heavy shortbow
Missiles
 d - 5 throwing nets
 e - a javelin
 g - 57 stones (quivered)
 h - 13 poisoned darts
 i - 8 boomerangs
 m - a curare-tipped dart
Armour
 c - a +0 helmet (worn)
 p - a +0 kite shield (worn)
 q - the +1 ring mail of Gluttony (worn) {rPois rF- rCorr Dex+6}
   (You found it on level 2 of the Dungeon)

   Dex+6:     It affects your dexterity (+6).
   rF-:       It makes you vulnerable to fire.
   rPois:     It protects you from poison rCorr: It protects you from acid and
   corrosion.
 w - a +1 plate armour
Magical Staves
 u - a staff of conjuration
 D - a staff of cold
Jewellery
 j - a ring of flight (left hand)
 k - an amulet of faith
 r - a +6 ring of intelligence
 s - a +6 ring of dexterity (right hand)
 B - an amulet of magic regeneration (around neck)
Talismans
 z - a beast talisman
Wands
 b - a wand of mindburst (18)
 v - a wand of polymorph (5)
 H - a wand of flame (14)
 P - a wand of iceblast (4)
Scrolls
 t - a scroll of enchant weapon
 y - a scroll of amnesia
 A - a scroll of poison
 C - a scroll of enchant armour
 I - 2 scrolls of blinking
 J - a scroll of silence {unknown}
 K - 2 scrolls of fear
 L - a scroll of torment {unknown}
 N - a scroll of noise {unknown}
Potions
 a - a potion of haste {unknown}
 f - a potion of degeneration
 l - a potion of brilliance
 o - a potion of lignification
 x - a potion of invisibility


   Skills:
 - Level 6.0 Fighting
 + Level 10.2 Maces & Flails
 - Level 3.0 Throwing
 - Level 6.0 Armour
 - Level 3.0 Dodging
 + Level 2.4 Evocations


You had 8 spell levels left.
You didn't know any spells.
Your spell library contained the following spells:

 Spells                   Type           Power      Damage    Failure   Level
 Shock                    Conj/Air       0%         1d3       88%         1
 Swiftness                Air            0%         N/A       99%         3
 Tukima's Dance           Hex            0%         N/A       99%         3
 Airstrike                Air            0%         2d(0-16)  100%        4
 Passage of Golubria      Tloc           0%         N/A       100%        4
 Yara's Violent Unravell  Hex/Tmut       0%         3d3       100%        5


Dungeon Overview and Level Annotations

Branches:
Dungeon (8/15)             Temple (1/1) D:7            Lair (0/5) D:8
  Sewer (visited)          Bailey (1/1)

Altars:
Ashenzari
Dithmenos
Fedhas
Hepliaklqana
Makhleb
Nemelex Xobeh
Qazlal
Sif Muna
Uskayaw
Wu Jian
Yredelemnul

Shops:
D:7 :


Innate Abilities, Weirdness & Mutations

You may rarely emit foul miasma when damaged in melee.
You regenerate magic rapidly.
When seriously injured, your blood forms armour. (AC +6)
You are partially covered in large bone plates. (SH +4)
Your flesh is heat resistant. (rF+)
You expend magic power (3 MP) to strengthen your wands.


Message History

You hit the orc warrior.
The orc warrior is poisoned.
The orc warrior is lightly wounded.
You kill the orc! x2
The orc closely misses you.
You closely miss the orc warrior.
The orc warrior is lightly wounded.
You block the orc's attack.
You hit the orc warrior.
The orc warrior looks as sick as possible!
The orc warrior is moderately wounded.
The orc warrior hits you with a +0 halberd!
* * * LOW HITPOINT WARNING * * *
You block the orc warrior's attack.
Things that are here:
a +0 halberd; a +0 chain mail You feel better.
You block the orc's attack.
The orc warrior hits you from afar with a +0 halberd!
* * * LOW HITPOINT WARNING * * *
Aiming: Iceblast
Press: ? - help, Shift-Dir - straight line, f - orc
Aim: an orc, wielding a +0 trident and wearing a +0 scale mail You feel a surge of power!
The mass of ice explodes!
The iceblast engulfs the orc!!
You kill the orc!
You feel a bit more experienced. x2; The iceblast engulfs the orc warrior!
The orc warrior is severely wounded.
You hear a shout!
The orc warrior hits you from afar with a +0 halberd.
* * * LOW HITPOINT WARNING * * *
The orc warrior hits you with a +0 halberd.
* * * LOW HITPOINT WARNING * * *
You emit a cloud of foul miasma!
You barely miss the orc warrior.
The orc warrior is severely wounded.
The orc warrior is engulfed in dark miasma.
The orc warrior looks as sick as possible!
The orc warrior seems to slow down.
You kill the orc warrior!
The orc hits you from afar with a +0 halberd!
You die...

#### ##∩∩#
#)@##
##.☼#
#)o##
..)..
~~~~~~.#
.......~.#
######.~.#
$. #.~.#
$. ..~.#


You could see an orc.

Vanquished Creatures
  Prince Ribbit (D:5)
  A hornet (D:7)
  A wyvern (D:8)
  3 yaks (D:8)
  Grum (D:7)
  2 water moccasins (D:8)
  A sky beast (D:7)
  A black bear (D:6)
  An orc warrior (Bailey)
  2 centaurs
  An ogre (D:6)
  A phantom (D:4)
  A kobold brigand (D:6)
  7 bullfrogs
  3 gnoll sergeants (D:7)
  A scorpion (D:7)
  3 killer bees (D:6)
  A howler monkey (D:7)
  2 gnoll boudas
  16 hounds
  A sleepcap (D:6)
  Jessica (D:3)
  2 iguanas
  4 orc wizards
  20 gnolls
  11 adders
  A shadow imp (D:6)
  3 worms
  3 dart slugs
  15 orcs
  6 bats
  11 endoplasms
  6 giant cockroaches
  8 goblins
  7 hobgoblins
  2 jackals (D:7)
  4 quokkas
  13 ball pythons
  10 frilled lizards
  9 kobolds
  4 rats
191 creatures vanquished.

Notes
Turn   | Place    | Note
-------+----------+-------------------------------------------
     0 | D:1      | IdlyInterested the Demonspawn Gladiator began the quest for
                  | the Orb.
     0 | D:1      | Reached XP level 1. HP: 16/16 MP: 1/1
   237 | D:1      | Reached skill level 3 in Maces & Flails
   237 | D:1      | Gained mutation: When seriously injured, your blood forms
                  | armour. (AC +6) [demonic ancestry]
   237 | D:1      | Reached XP level 2. HP: 21/22 MP: 2/2
   257 | D:1      | Reached skill level 1 in Armour
   560 | D:1      | Reached skill level 1 in Evocations
   746 | D:2      | Reached XP level 3. HP: 27/27 MP: 3/3
   746 | D:2      | Found a faded altar of an unknown god.
  1574 | D:2      | Reached XP level 4. HP: 33/33 MP: 4/4
  1666 | D:2      | Identified the +1 ring mail of Gluttony {rPois rF- rCorr
                  | Dex+6}
  1726 | D:3      | You are sucked into a shaft and drop 1 floor!
  1812 | D:4      | Reached skill level 4 in Maces & Flails
  1875 | D:4      | Found a stormy altar of Qazlal.
  1912 | D:4      | Reached XP level 5. HP: 32/38 MP: 5/5
  2291 | D:3      | Noticed Jessica
  2296 | D:3      | Killed Jessica
  3054 | D:4      | Noticed a phantom
  3065 | D:4      | Killed a phantom
  3066 | D:4      | Reached XP level 6. HP: 31/44 MP: 6/6
  3514 | D:5      | Entered Level 5 of the Dungeon
  3531 | D:5      | Reached skill level 5 in Maces & Flails
  3826 | D:5      | Found a glowing drain.
  3846 | Sewer    | Entered a sewer
  4289 | D:5      | Noticed Prince Ribbit
  4324 | D:5      | Killed Prince Ribbit
  4325 | D:5      | Reached skill level 6 in Maces & Flails
  4325 | D:5      | Reached XP level 7. HP: 14/52 MP: 7/7
  4930 | D:6      | Gained mutation: You regenerate magic rapidly. [demonic
                  | ancestry]
  4930 | D:6      | Reached XP level 8. HP: 53/60 MP: 8/8
  5036 | D:6      | Reached skill level 7 in Maces & Flails
  5142 | D:6      | Gained mutation: Your flesh is heat resistant. (rF+)
                  | [potion of mutation]
  5142 | D:6      | Gained mutation: You are partially covered in large bone
                  | plates. (SH +4) [potion of mutation]
  5142 | D:6      | Gained mutation: You expend magic power (3 MP) to
                  | strengthen your wands. [potion of mutation]
  5646 | D:7      | Reached skill level 5 in Armour
  5745 | D:7      | Noticed a hornet
  5758 | D:7      | Reached skill level 8 in Maces & Flails
  5765 | D:7      | Killed a hornet
  5877 | D:7      | Gained mutation: You may rarely emit foul miasma when
                  | damaged in melee. [demonic ancestry]
  5877 | D:7      | Reached XP level 9. HP: 55/65 MP: 9/9
  5887 | D:7      | Found Luikheq's Book Boutique.
  5945 | D:7      | Found a broken altar of Ashenzari.
  6094 | D:7      | Found a staircase to the Ecumenical Temple.
  6103 | Temple   | Entered the Ecumenical Temple
  6328 | D:7      | Reached skill level 5 in Fighting
  6351 | D:7      | Reached skill level 9 in Maces & Flails
  6602 | D:7      | Noticed Grum
  6616 | D:7      | Killed Grum
  7001 | D:8      | Reached skill level 10 in Maces & Flails
  7079 | D:8      | Found a flagged portal.
  7096 | Bailey   | Entered a bailey
  7117 | Bailey   | Slain by an orc

Illustrated notes

Levels and vault maps discovered:
D:1:      lightli_arrival_statuegarden, layout_basic
D:2:      layout_basic, nicolae_ecumenical_snake_handling, minmay_quantized
D:3:      layout_loops_cross, uniq_jessica
D:4:      layout_basic, lemuel_round_altar, minivault_24
D:5:      layout_rooms, serial_glass, glass_columns_a, glass_columns_a,
          feat_on_display, feat_on_display, item_on_display_a,
          cheibrodos_sewer_entry_bend, uniq_prince_ribbit1
D:6:      layout_rooms
D:7:      layout_cave_pools, elyvilon_altar_3, mainiacjoe_overflow_24_doors,
          minmay_temple_entry_overgrown, serial_gnoll_camp,
          gnoll_camp_mini_basic, gnoll_camp_huts_basic, grums_kennel,
          gnoll_camp_mini_shop, billiards_dpeg
D:8:      layout_basic, cheibriados_altar_1, minmay_lair_entry_grove,
          serial_shops, nicolae_shop_pleasant_corner_grove,
          lightli_bailey_entry_fortress, skrybe_limestone_x
Temple:   nicolae_temple_bog_church
Bailey:   bailey_polearm_1, bailey

Skill      XL: |  1  2  3  4  5  6  7  8  9 |
---------------+----------------------------+-----
Maces & Flails | 3 4 6 8 10 | 10.2
Armour         | 1 2 3 4 6 |  6.0
Evocations     | 1 2 |  2.4
Fighting       | 3 4 6 |  6.0
Throwing       | 2 3 |  3.0
Dodging        | 3 |  3.0

Action                     |  1- 3 |  4- 6 |  7- 9 || total
---------------------------+-------+-------+-------++-------
  Melee: Flail             |   125 |   243 |   129 ||   497
         Punch             |     2 |       |       ||     2
         Whip              |       |       |   329 ||   329
  Throw: Stone             |       |     6 |    17 ||    23
         Dart              |       |    13 |     2 ||    15
         Javelin           |       |       |     1 ||     1
  Evoke: Wand              |       |     1 |     2 ||     3
    Use: Scroll            |       |     5 |     2 ||     7
         Potion            |       |     1 |    10 ||    11
 Armour: Chain mail        |   131 |       |       ||   131
         Ring mail         |       |   135 |   277 ||   412
  Dodge: Dodged            |    68 |    98 |   189 ||   355
  Block: Kite shield       |     1 |   128 |   325 ||   454

Table legend: (Time is in decaauts)
 A = Elapsed time spent in this place.
 B = Non-inter-level travel time spent in this place.
 C = Inter-level travel time spent in this place.
 D = Time resting spent in this place.
 E = Time spent auto-exploring this place.
 F = Levels seen in this place.
 G = Mean time per level.
                   A        B        C        D        E       F      G
               +--------+--------+--------+--------+--------+-----+--------+
         Total |   7222 |   6672 |    550 |    869 |   3729 |  11 |  656.5 |
       Dungeon |   6921 |   6371 |    550 |    869 |   3667 |   8 |  865.1 |
        Temple |      1 |      1 |      0 |      0 |      0 |   1 |    1.0 |
         Sewer |    280 |    280 |      0 |      0 |     62 |   1 |  280.0 |
        Bailey |     18 |     18 |      0 |      0 |      0 |   1 |   18.0 |
               +--------+--------+--------+--------+--------+-----+--------+

Top non-repeatable levels by time:
     D:7: 1393 daAuts
     D:2: 995 daAuts
     D:6: 988 daAuts
     D:4: 947 daAuts
     D:3: 888 daAuts
     D:5: 820 daAuts
     D:1: 763 daAuts
   Sewer: 280 daAuts
     D:8: 125 daAuts
  Bailey: 18 daAuts
  Temple: 1 daAuts
